 Dungeon Crawl Stone Soup version 0.20-a0-517-g5f97612 (webtiles) character file.

1799 junb69 the Carver (level 8, -4/69 HPs)
             Began as a Centaur Gladiator on Jan 24, 2017.
             Was an Initiate of Ashenzari.
             Slain by a yak (14 damage)
             ... on level 6 of the Dungeon.
             The game lasted 00:13:50 (6962 turns).

junb69 the Carver (Centaur Gladiator)               Turns: 6962, Time: 00:13:50

Health: -4/69      AC:  9    Str: 17    XL:     8   Next: 83%
Magic:  8/8        EV: 10    Int:  7    God:    Ashenzari [......]
Gold:   268        SH:  0    Dex: 13    Spells: 7/7 levels left

rFire    + . .     SeeInvis .   v - +0 scimitar
rCold    . . .     Gourm    .   E - +2 leather armour {rF+}
rNeg     . . .     Faith    .   (no shield)
rPois    .         Spirit   .   c - +0 helmet
rElec    .         Reflect  .   w - +0 cloak (curse)
rCorr    .         Harm     .   o - +0 pair of gloves (curse)
MR       .....                  (no barding)
Stlth    +.........             (no amulet)
Regen    0.3/turn               (no ring)
                                B - ring of flight

@: very quick
A: hooves 3, deformed body, speed 2, tough skin 3
a: Curse Item, Renounce Religion, Evoke Flight


You were on level 6 of the Dungeon.
You worshipped Ashenzari.
Ashenzari was noncommittal.
You were hungry.

You visited 2 branches of the dungeon, and saw 7 of its levels.

You collected 268 gold pieces.

Inventory:

Hand Weapons
 v - a +0 scimitar (weapon)
Missiles
 d - 3 throwing nets (quivered)
Armour
 c - a +0 helmet (worn)
 o - a cursed +0 pair of gloves (worn)
 w - a cursed +0 cloak (worn)
 E - a +2 leather armour of fire resistance (worn)
Jewellery
 B - a ring of flight (left hand)
Wands
 r - a wand of confusion (0/48)
 D - a wand of enslavement (8/24)
Scrolls
 a - a scroll of magic mapping {unknown}
 b - a scroll of random uselessness {unknown}
 g - a scroll of fear {unknown}
 i - 2 scrolls of identify {unknown}
 j - a scroll of enchant armour {unknown}
 l - a scroll of noise {unknown}
 n - 2 scrolls of enchant weapon {unknown}
 q - a scroll of recharging {unknown}
 u - a scroll of immolation {unknown}
 x - 2 scrolls of amnesia
 y - a scroll of remove curse
Potions
 e - 2 potions of invisibility {unknown}
 k - a potion of mutation {unknown}
 m - 3 potions of curing
 p - 3 potions of lignification {unknown}
 s - a potion of flight {unknown}
 z - 3 potions of might {unknown}
 A - a potion of resistance {unknown}
 C - 2 potions of brilliance {unknown}
Comestibles
 f - 3 bread rations
 h - 3 royal jellies
 t - 2 meat rations
 F - 2 fruits


   Skills:
 - Level 5.4 Fighting
 * Level 9.8 Long Blades
 - Level 2.1 Throwing
 - Level 2.1 Dodging


You had 7 spell levels left.
You didn't know any spells.

Dungeon Overview and Level Annotations

Branches:
Dungeon (6/15)             Temple (1/1) D:6

Altars:
Ashenzari
Gozag
Kikubaaqudgha
Nemelex Xobeh
Okawaru
Sif Muna
Trog
Vehumet
Yredelemnul

Annotations:
D:5 Eustachio


Innate Abilities, Weirdness & Mutations

You have hooves in place of feet.
Armour fits poorly on your strangely shaped body.
You cover ground very quickly.
You have extremely tough skin. (AC +3)


Message History

You completely miss the yak.
The yak is severely wounded.
The yak gores you.
You slash the yak!
You kill the yak!
The yak snorts and paws the ground.
You slash the yak! Your kick misses the yak.
The yak is moderately wounded.
The yak gores you but does no damage.
You hit the yak. You kick the yak, but do no damage.
The yak is moderately wounded.
The yak gores you!
You slash the yak!
The yak is severely wounded.
The yak gores you!
* * * LOW HITPOINT WARNING * * *
You hit the yak.
The yak is severely wounded.
The yak gores you!
You die...

..#.#.#Yo..YY...#.# #.#.# #.#
....#.#########.#.####.#'#####.#
#.###.#.)<...##.#............#.##
#.. #.#.#.##'##.######.......#...
##.##.#.Y.....#..............####
#............#..............#
##.#Y#..[....##.##..........#
#...#.................#########
#...#........#@#......##.......
#Y..#........#Y#......##.######
#..>#.......Y#.#......##.#
#.###.##...#.#.#......##.# #Y#
#.##...#Y#†#.=....##.# #.#
#.##...#.#.#......##.# #Y#
#.##...#...#......##.# #.#
#.##...###.#.#'#####.# #Y#
#.##...#...#.#.# #.###


You could see a yak.

Vanquished Creatures
  Sigmund (D:2)
  2 yaks (D:6)
  2 sky beasts (D:6)
  2 phantoms (D:5)
  An ogre (D:5)
  A bullfrog (D:6)
  A water moccasin skeleton (D:4)
  3 scorpions
  2 howler monkeys
  A bullfrog zombie (D:5)
  2 hounds
  2 jellies (D:6)
  Crazy Yiuf (D:2)
  An iguana (D:5)
  Ijyb (D:2)
  Natasha (thrice) (D:2)
  3 worker ants
  A howler monkey zombie (D:6)
  A howler monkey skeleton (D:5)
  10 adders
  2 adder skeletons (D:6)
  4 worms
  3 leopard geckos
  4 orcs
  A ball python (D:2)
  11 bats
  4 giant cockroaches
  7 goblins
  5 hobgoblins
  10 jackals
  5 kobolds
  A quokka (D:3)
  4 frilled lizards
  A giant cockroach zombie (D:6)
  A leopard gecko skeleton (D:4)
  A quokka skeleton (D:4)
  8 rats
113 creatures vanquished.

Vanquished Creatures (others)
  An iguana (D:5)
1 creature vanquished.

Grand Total: 114 creatures vanquished

Notes
Turn   | Place    | Note
-------+----------+-------------------------------------------
     0 | D:1      | junb69 the Centaur Gladiator began the quest for the Orb.
     0 | D:1      | Reached XP level 1. HP: 17/17 MP: 1/1
   119 | D:1      | Reached skill level 3 in Long Blades
   119 | D:1      | Reached XP level 2. HP: 22/25 MP: 2/2
   880 | D:2      | Noticed Ijyb
   893 | D:2      | Killed Ijyb
   893 | D:2      | Reached XP level 3. HP: 24/31 MP: 3/3
  1013 | D:2      | Noticed Sigmund
  1080 | D:2      | Noticed Natasha
  1133 | D:2      | Reached XP level 4. HP: 35/38 MP: 4/4
  1161 | D:2      | Found an iron altar of Okawaru.
  1426 | D:2      | Killed Natasha
  1660 | D:2      | Noticed Natasha
  1685 | D:2      | Killed Natasha
  1685 | D:2      | Reached skill level 4 in Long Blades
  1823 | D:2      | Noticed Natasha
  1838 | D:2      | Killed Natasha
  1838 | D:2      | Reached XP level 5. HP: 27/46 MP: 5/5
  2071 | D:2      | Found a runed door.
  2153 | D:2      | Killed Sigmund
  2153 | D:2      | Reached skill level 5 in Long Blades
  2153 | D:2      | Reached XP level 6. HP: 4/55 MP: 6/6
  2597 | D:2      | Noticed Crazy Yiuf
  2986 | D:2      | Killed Crazy Yiuf
  3298 | D:3      | Reached skill level 5 in Fighting
  4126 | D:4      | Reached XP level 7. HP: 55/61 MP: 7/7
  4223 | D:4      | Found a basalt altar of Yredelemnul.
  4264 | D:4      | Found an opulent altar of Gozag.
  4410 | D:4      | Reached skill level 6 in Long Blades
  4636 | D:4      | Found a deep blue altar of Sif Muna.
  4775 | D:5      | Entered Level 5 of the Dungeon
  4796 | D:5      | Got a polished leather armour
  4807 | D:5      | Identified the +0 leather armour of Daffodils {*Slow +Fly Regen+ Dex+4} (You found it on level 5 of the Dungeon)
  4849 | D:5      | Found a bloodstained altar of Trog.
  4973 | D:5      | Reached skill level 7 in Long Blades
  5330 | D:5      | Reached XP level 8. HP: 52/69 MP: 8/8
  5350 | D:5      | Noticed Eustachio
  5916 | D:6      | Reached skill level 8 in Long Blades
  6329 | D:6      | Reached skill level 9 in Long Blades
  6675 | D:6      | Found a staircase to the Ecumenical Temple.
  6685 | Temple   | Entered the Ecumenical Temple
  6752 | Temple   | Became a worshipper of Ashenzari the Shackled
  6962 | D:6      | Slain by a yak

Vault maps used:
D:1:      dpeg_arrival_windows_large_door, minmay_misc_feat_pillars
D:2:      okawaru_gym_becter, uniq_natasha, uniq_sigmund, uniq_iyjb,
          uniq_crazy_yiuf_cottage
D:3:      eino_tiny_chamber
D:4:      lemuel_blue_sif_altar, yredelemnul_altar_generic, minivault_23,
          grunt_gozag_statues
D:5:      first_bread, hangedman_decor_points, bloody_trog, uniq_edmund,
          uniq_eustachio
D:6:      lemuel_temple_firewalk_b
Temple:   nicolae_temple_figure_eight

Skill      XL: |  1  2  3  4  5  6  7  8 |
---------------+-------------------------+-----
Long Blades    | 3 4 5 7 9 |  9.8
Fighting       | 3 4 5 |  5.4
Throwing       | |  2.1
Dodging        | |  2.1

Action                   |  1- 3 |  4- 6 |  7- 9 || total
-------------------------+-------+-------+-------++-------
Melee: Long sword        |    77 |   171 |   129 ||   377
       Kick              |    19 |    58 |    85 ||   162
       Scimitar          |       |       |    83 ||    83
       Unarmed           |       |       |     4 ||     4
Throw: Throwing net      |       |     5 |       ||     5
Invok: Curse Item        |       |       |     2 ||     2
Evoke: Wand              |       |     8 |     8 ||    16
  Use: Potion            |       |       |     4 ||     4
       Scroll            |       |       |     2 ||     2
 Stab: Held in net/web   |       |     3 |       ||     3
  Eat: Chunk             |       |     8 |     7 ||    15
Armor: Leather armour    |    45 |    60 |    60 ||   165
       Troll leather arm |       |     8 |    18 ||    26
Dodge: Dodged            |    53 |    76 |   131 ||   260
       Rpst.: Long sword |    20 |    24 |    25 ||    69
       Scimitar          |       |       |    12 ||    12
